 Dungeon Crawl Stone Soup version 0.22.1-2-g9c5b331 (webtiles) character file.

118 Matador8 the Sneak (level 5, -1/35 HPs)
             Began as a Human Enchanter on Dec 19, 2018.
             Slain by a goblin (3 damage)
             ... on level 3 of the Dungeon.
             The game lasted 00:14:38 (3545 turns).

Matador8 the Sneak (Human Enchanter)                Turns: 3545, Time: 00:14:39

Health: -1/35      AC:  3    Str:  8    XL:     5   Next: 23%
Magic:  7/8        EV: 12    Int: 16    God:
Gold:   134        SH:  3    Dex: 14    Spells: 5/8 levels left

rFire    . . .     SeeInvis .   a - +1 dagger
rCold    . . .     Gourm    .   p - +0 buckler
rNeg     . . .     Faith    .   b - +0 robe
rPois    .         Spirit   .   (no helmet)
rElec    .         Reflect  .   (no cloak)
rCorr    .         Harm     .   k - +0 pair of gloves (curse)
MR       .....                  (no boots)
Stlth    +++.......             (no amulet)
HPRegen  0.11/turn              (no ring)
MPRegen  0.11/turn              (no ring)

@: no status effects
A: no striking features
a: no special abilities


You were on level 3 of the Dungeon.
You were hungry.

You visited 1 branch of the dungeon, and saw 3 of its levels.

You collected 134 gold pieces.

Inventory:

Hand Weapons
 a - a +1 dagger (weapon)
 e - a +0 short sword
Armour
 b - a +0 robe (worn)
 k - a cursed +0 pair of gloves (worn)
 n - a +0 scale mail
 p - a +0 buckler (worn)
Scrolls
 j - 2 scrolls of remove curse {unknown}
 l - a scroll of magic mapping {unknown}
 m - a scroll of amnesia {unknown}
 o - 8 scrolls of identify {unknown}
Potions
 c - a potion of degeneration {unknown}
 f - 2 potions of resistance {unknown}
 h - 2 potions of curing {unknown}
 i - 3 potions of ambrosia {unknown}
 q - a potion of invisibility {unknown}
Comestibles
 d - 3 rations


   Skills:
 * Level 3.3 Short Blades
 - Level 2.0 Dodging
 + Level 3.8 Stealth
 - Level 2.0 Spellcasting
 + Level 3.7 Hexes


You had 5 spell levels left.
You knew the following spells:

 Your Spells              Type           Power        Failure   Level  Hunger
a - Corona                Hex            ##.....      8%          1    #......
b - Ensorcelled Hibernat  Hex/Ice        #.....       24%         2    ###....

Your spell library contained the following spells:

 Spells                   Type           Power        Failure   Level  Hunger
 Confuse                  Hex            ##......     22%         3    ###....
 Tukima's Dance           Hex            ##......     22%         3    ###....
 Dazzling Spray           Conj/Hex       #.....       43%         3    ###....


Dungeon Overview and Level Annotations

Branches:
Dungeon (3/15)

Altars:
Cheibriados


Message History

You hit the orc but do no damage.
The orc is severely wounded.
The orc hits you with a club.
You hit the orc but do no damage.
The orc is severely wounded.
The orc stops glowing.
A kobold comes into view. It is wielding a whip.
The orc barely misses you.
The kobold moves out of view.
A hobgoblin comes into view. It is wielding a club.
The orc shouts!
The orc priest invokes the aid of Beogh against you.
Beogh smites you! The orc hits you but does no damage.
The orc priest invokes the aid of Beogh against you.
Beogh smites you!
* * * LOW HITPOINT WARNING * * *
The goblin barely misses you.
Your magical contamination has completely faded away.
The goblin hits you.
You die...

..... ...####.o###
.# ...........# .#
######.##..#.#
######...###...###
#.........)# .g..###
#...<...o..# .......
#.......ogo##.......
#........@oKo.......
#..........##.......
############ .......
....... .......
#...... #..... #####


You could see an orc priest, 4 orcs, a goblin and a kobold.

Vanquished Creatures
  An orc priest (D:2)
  A howler monkey zombie (D:2)
  An adder (D:2)
  A worm (D:2)
  5 dart slugs (D:1)
  A leopard gecko (D:1)
  4 orcs
  6 bats
  5 goblins
  6 hobgoblins
  4 jackals
  4 kobolds
  A ball python (D:1)
  6 frilled lizards
  3 rats
49 creatures vanquished.

Notes
Turn   | Place    | Note
-------+----------+-------------------------------------------
     0 | D:1      | Matador8 the Human Enchanter began the quest for the Orb.
     0 | D:1      | Reached XP level 1. HP: 13/13 MP: 3/3
   117 | D:1      | Reached XP level 2. HP: 12/19 MP: 5/5
   317 | D:1      | Learned a level 2 spell: Ensorcelled Hibernation
   722 | D:1      | Reached XP level 3. HP: 14/24 MP: 6/6
  1721 | D:2      | Reached XP level 4. HP: 13/30 MP: 3/7
  2568 | D:2      | Reached XP level 5. HP: 9/35 MP: 3/8
  2982 | D:2      | Found a snail-covered altar of Cheibriados.
  2996 | D:2      | HP: 1/35 [howler monkey zombie (3)]
  3545 | D:3      | Slain by a goblin

Skill      XL: |  1  2  3  4 |
---------------+-------------+-----
Short Blades   | 2 3 |  3.3
Dodging        | |  2.0
Stealth        | |  3.8
Spellcasting   | |  2.0
Hexes          | |  3.7

Action                   |  1- 3 |  4- 6 || total
-------------------------+-------+-------++-------
Melee: Dagger            |   140 |   122 ||   262
 Cast: Ensorcelled Hiber |     8 |     5 ||    13
       Corona            |     2 |    10 ||    12
 Stab: Sleeping          |     8 |     5 ||    13
  Eat: Chunk             |     3 |     6 ||     9
Armor: Robe              |    26 |    23 ||    49
Dodge: Dodged            |    94 |    59 ||   153
Block: Buckler           |       |     4 ||     4
